 Dungeon Crawl Stone Soup version 0.30-a0-622-gddc90eaa04 (console) character file.

Game seed: 9783141726261663436

1130 jejorda2 the Spear-Bearer (level 8, -5/64 HPs)
             Began as a Merfolk Berserker on Jan 10, 2023.
             Was a Priest of Trog.
             Slain by Maggie
             ... wielding a +0 long sword
              (6 damage)
             ... on level 6 of the Dungeon.
             The game lasted 00:11:23 (4598 turns).

jejorda2 the Spear-Bearer (Merfolk Berserker)       Turns: 4598, Time: 00:11:24

Health: -5/64      AC: 13    Str: 20    XL:     8   Next: 36%
Magic:  8/8        EV:  7    Int:  6    God:    Trog [***...]
Gold:   310        SH:  0    Dex: 13    Spells: 7/7 levels left

rFire   . . .      SeeInvis .    a - +4 halberd
rCold   . . .      Faith    .    (shield currently unavailable)
rNeg    + . .      Spirit   .    y - +0 plate armour
rPois   .          Reflect  .    (no helmet)
rElec   .          Harm     .    i - +2 cloak
rCorr   .          Rampage  .    (no gloves)
Will    ++...                    (no boots) Stlth
                                 (no amulet)
HPRegen 1.30/turn                h - ring of positive energy
MPRegen 0.11/turn                z - ring of flight

@: strong-willed, on berserk cooldown, attractive, flying, regenerating, slowed,
very slow
A: (nimble swimmer 2), mertail
a: Renounce Religion, Berserk, Trog's Hand


You were on level 6 of the Dungeon.
You worshipped Trog.
Trog was most pleased with you.
You visited 1 branch of the dungeon, and saw 6 of its levels.
You also visited: Sewer.

You collected 310 gold pieces.

Inventory:

Hand Weapons
 a - a +4 halberd (weapon)
 G - a +3 trident
Missiles
 c - 82 stones (quivered)
 s - 5 boomerangs
 u - 16 poisoned darts
 F - 2 atropa-tipped darts
 H - 3 boomerangs of dispersal
Armour
 i - a +2 cloak (worn)
 y - a +0 plate armour (worn)
Jewellery
 h - a ring of positive energy (left hand)
 z - a ring of flight (right hand)
 D - a ring of positive energy
Wands
 d - a wand of flame (16)
 q - a wand of mindburst (15)
 r - a wand of roots (17)
Scrolls
 b - a scroll of enchant armour
 e - 5 scrolls of teleportation
 g - 2 scrolls of enchant weapon {unknown}
 n - 2 scrolls of fear
 o - 3 scrolls of identify {unknown}
 x - a scroll of fog {unknown}
 A - 3 scrolls of magic mapping {unknown}
 B - a scroll of brand weapon {unknown}
 C - a scroll of silence {unknown}
 E - a scroll of poison {unknown}
 I - a scroll of noise {unknown}
Potions
 f - a potion of heal wounds {unknown}
 j - a potion of mutation {unknown}
 k - 2 potions of degeneration {unknown}
 l - a potion of lignification {unknown}
 m - 3 potions of might {unknown}
 p - 3 potions of attraction
 t - 3 potions of cancellation {unknown}
 v - a potion of flight
 w - 2 potions of resistance {unknown}
 J - a potion of brilliance {unknown}


   Skills:
 - Level 6.0 Fighting
 * Level 10.5 Polearms
 - Level 1.3 Armour
 - Level 6.0 Dodging


You had 7 spell levels left.
You didn't know any spells.
Your spell library was empty.

Dungeon Overview and Level Annotations

Branches:
Dungeon (6/15)              Sewer (visited)
 Temple: D:4-7

Altars:
Makhleb
Okawaru
Uskayaw
Vehumet

Shops:
D:4 :   D:5 =

Annotations:
D:6 Maggie


Innate Abilities, Weirdness & Mutations

((You are very nimble when in or above water. (Stealth+, EV+, Speed+++)))
Your lower body shifts to a powerful aquatic tail in water.


Message History

You are too confused!
You are too confused!
You are too confused!
You bump into the rock wall.
You feel a strong urge to attack something.
You are too berserk!
You bump into the rock wall.
Maggie zaps a wand.
The bolt of light hits you!
You feel your anger nearly subside.
You puncture Maggie!
Maggie is lightly wounded.
You feel less confused.
You are no longer berserk.
You are exhausted.
You feel yourself slow down. Maggie barely misses you.
You barely miss Maggie.
Maggie is lightly wounded.
Maggie hits you with a +0 long sword.
You barely miss Maggie.
Maggie is lightly wounded.
Maggie barely misses you.
Maggie mumbles some strange words.
Maggie attempts to bespell you! You resist with almost no effort.
You closely miss Maggie.
Maggie is lightly wounded.
Maggie zaps a wand.
The bolt of light hits you!!
You are confused.
Maggie zaps a wand.
The bolt of light hits you!
* * * LOW HITPOINT WARNING * * *
Maggie points at you and mumbles some strange words.
The bolt of fire hits you!
* * * LOW HITPOINT WARNING * * *
You are too confused!
Unknown command.
It was a potion of attraction.
You feel attractive to monsters.
You feel less confused.
It was a potion of flight.
You feel more buoyant.
Maggie zaps a wand.
The bolt of light hits you!
* * * LOW HITPOINT WARNING * * *
The now-empty wand crumbles to dust.
Maggie hits you with a +0 long sword.
You die...

#.#
#...# ..
#.##.#
......#.
#.##.#
..#.....
#.##.#
.#....)
#.##.#
#.....
#.##.#
#.....
#.##.#
#.....
#.##.#
#.....
#@#..#
#..ยง
#.@..#
####
###..#
#..#
#..#
#..#
#.<#
#.## #.#


You could see Maggie.

Vanquished Creatures
  Pargi (Sewer)
  An ogre (D:5)
  2 phantoms
  2 scorpions
  2 necrophages
  3 wights (D:6)
  2 hounds
  An orc priest (D:6)
  An iguana (D:5)
  An orc wizard (D:5)
  3 gnolls (D:5)
  6 adders
  2 shadow imps (D:6)
  3 white imps
  An ufetubus (D:5)
  4 worms (D:2)
  4 dart slugs
  22 orcs
  7 ball pythons
  2 bats (D:1)
  7 endoplasms
  5 giant cockroaches
  10 goblins
  8 hobgoblins
  10 kobolds
  6 quokkas
  10 frilled lizards
  5 rats
131 creatures vanquished.

Vanquished Creatures (others)
  9 plants (D:5)
9 creatures vanquished.

Grand Total: 140 creatures vanquished

Notes
Turn   | Place    | Note
-------+----------+-------------------------------------------
     0 | D:1      | jejorda2 the Merfolk Berserker began the quest for the Orb.
     0 | D:1      | Reached XP level 1. HP: 18/18 MP: 1/1
   155 | D:1      | Reached XP level 2. HP: 24/24 MP: 2/2
   406 | D:1      | Reached XP level 3. HP: 22/29 MP: 3/3
   681 | D:2      | Reached skill level 5 in Polearms
   859 | D:2      | Found a faded altar of an unknown god.
   993 | D:2      | Reached ** piety under Trog
  1220 | D:2      | Reached XP level 4. HP: 37/37 MP: 4/4
  1649 | D:3      | Found a radiant altar of Vehumet.
  2235 | D:4      | Noticed a phantom
  2254 | D:4      | Killed a phantom
  2255 | D:4      | Reached skill level 6 in Polearms
  2255 | D:4      | Reached XP level 5. HP: 43/43 MP: 5/5
  2389 | D:4      | Found a burning altar of Makhleb.
  2469 | D:4      | Reached XP level 6. HP: 39/49 MP: 6/6
  2526 | D:4      | Reached skill level 7 in Polearms
  2599 | D:4      | Found Jecvily's Self-Improvement Boutique.
  2842 | D:4      | Reached skill level 5 in Dodging
  2849 | D:4      | Reached *** piety under Trog
  2934 | D:5      | Entered Level 5 of the Dungeon
  2969 | D:5      | Reached skill level 5 in Fighting
  3299 | D:5      | Reached XP level 7. HP: 49/56 MP: 7/7
  3478 | D:5      | Reached skill level 8 in Polearms
  3652 | D:5      | Found an iron altar of Okawaru.
  3653 | D:5      | Found a hide-covered altar of Uskayaw.
  3844 | D:5      | Found Piafin's Jewellery Boutique.
  4147 | D:6      | Found a glowing drain.
  4157 | Sewer    | Entered a sewer
  4160 | Sewer    | Noticed Pargi
  4165 | Sewer    | Killed Pargi
  4166 | Sewer    | Reached skill level 9 in Polearms
  4230 | Sewer    | Reached XP level 8. HP: 64/64 MP: 8/8
  4419 | D:6      | Reached skill level 10 in Polearms
  4584 | D:6      | Noticed Maggie
  4598 | D:6      | HP: 1/64 [Maggie/bolt of light (10)]
  4598 | D:6      | Slain by Maggie

Illustrated notes

Levels and vault maps discovered:
D:1:      lordsloth_arrival_two_stooges, layout_loops_ring,
          grunt_decor_one_mirror
D:2:      layout_loops_ring, basic_ecumenical_altar
D:3:      layout_loops_cross, vehumet_altar_wand_db
D:4:      layout_basic, amcnicky_altar_gilded,
          hangedman_abyss_or_decor_jellyfish_corner, nicolae_shop_self_help
D:5:      layout_basic, minitemple, serial_shops, shop, minmay_lizard_king
D:6:      layout_basic, gup_sewer_entry_pipe, uniq_maggie

Skill      XL: |  1  2  3  4  5  6  7  8 |
---------------+-------------------------+-----
Dodging        | 3 4 5 6 |  6.0
Polearms       | 5 6 7 9 10 | 10.5
Fighting       | 4 5 6 |  6.0
Armour         | |  1.3

Action                   |  1- 3 |  4- 6 |  7- 9 || total
-------------------------+-------+-------+-------++-------
Melee: Spear             |   149 |    78 |       ||   227
       Punch             |     2 |       |     1 ||     3
       Trident           |       |   100 |   123 ||   223
       Halberd           |       |       |    22 ||    22
Throw: Stone             |       |     2 |     1 ||     3
Invok: Berserk           |     1 |     1 |     3 ||     5
       Trog's Hand       |       |       |     2 ||     2
  Use: Scroll            |       |       |     5 ||     5
       Potion            |       |       |     2 ||     2
 Stab: Distracted        |       |     1 |       ||     1
Armor: Ring mail         |    38 |     9 |       ||    47
       Scale mail        |       |    26 |       ||    26
       Plate armour      |       |    31 |    39 ||    70
Dodge: Dodged            |    44 |    56 |    35 ||   135

Table legend: (Time is in decaauts)
 A = Elapsed time spent in this place.
 B = Non-inter-level travel time spent in this place.
 C = Inter-level travel time spent in this place.
 D = Time resting spent in this place.
 E = Time spent auto-exploring this place.
 F = Levels seen in this place.
 G = Mean time per level.
                   A        B        C        D        E       F      G
               +--------+--------+--------+--------+--------+-----+--------+
         Total |   4554 |   4457 |     97 |    189 |   3299 |   7 |  650.6 |
       Dungeon |   4380 |   4283 |     97 |    149 |   3212 |   6 |  730.0 |
         Sewer |    173 |    173 |      0 |     40 |     86 |   1 |  173.0 |
               +--------+--------+--------+--------+--------+-----+--------+

Top non-repeatable levels by time:
     D:5: 1162 daAuts
     D:3: 912 daAuts
     D:4: 702 daAuts
     D:1: 687 daAuts
     D:2: 603 daAuts
     D:6: 311 daAuts
   Sewer: 173 daAuts
